Unix NetHack Version 3.7.0-80 Work-in-progress - last build Mar 20 2023 14:09:10 (4d3a4a9e917c0f86d3594936c235e576342b1c4a,branch:master). Game began 2023-03-27 20:20:19, ended 2023-03-27 20:26:20. 9629, chaotic male elven Wizard --------- ----------- |%!!((%+| |.........-# |]%.*)%.-# |.........|# |(%%%)%.|# |.........|@ ---------# ------|----# ## #### # # ### # ## # # # --|------ # #------ |........####----- #-....| #........| #|(..| --------------- |..^.| #|....<...###0|...| |.............| |.....####--------- #-...|#######-.............| ------ #-----### |.............| #############-.............| --------------- 9629 the Conjurer St:10 Dx:15 Co:12 In:15 Wi:11 Ch:13 Chaotic Dlvl:2 $:124 HP:21(21) Pw:34(34) AC:8 Xp:3/42 T:738 Latest messages: This door is locked. This door is locked. This door is locked. This door is locked. In what direction? Whammm!! In what direction? Whammm!! In what direction? As you kick the door, it crashes open! Suddenly, the kitten falls through a trap door. You see here 5 gold pieces. $ - 5 gold pieces (24 in total). You kill the kobold! Welcome to experience level 3. "Hello, 9629! Welcome to Annootok's general store!" You see here an egg (for sale, 9 zorkmids). You see here a chest (for sale, 23 zorkmids). You see here a pair of lenses (for sale, 80 zorkmids). You see here a chest (for sale, 23 zorkmids). Hmmm, the chest turns out to be locked. You see here a pair of lenses (for sale, 80 zorkmids). You see here an indigo spellbook (for sale, 700 zorkmids). "For you, good hir; only 700 zorkmids for this indigo spellbook." u - an indigo spellbook (unpaid, 700 zorkmids). You see here a pair of lenses (for sale, 80 zorkmids). You see here a locked chest (for sale, 23 zorkmids). You see here an egg (for sale, 9 zorkmids). What do you want to drop? You drop an indigo spellbook (unpaid, 700 zorkmids). What do you want to drop? You drop an uncursed dark brown spellbook. Annootok offers 75 gold pieces for your dark brown spellbook. Sell it? [ynaq] (n) q - an uncursed dark brown spellbook. What do you want to read? This spellbook is difficult to comprehend. Continue? [yn] (n) What do you want to read? This spellbook is difficult to comprehend. Continue? [yn] (n) You begin to memorize the runes. You add the "detect food" spell to your repertoire, as 'c'. What do you want to drop? You drop an uncursed spellbook of detect food. Annootok offers 100 gold pieces for your spellbook of detect food. Sell it? [ynaq] (n) You sold an uncursed spellbook of detect food for 100 gold pieces. With great effort you move the boulder. You find a hidden passage. # Really quit? [yn] (n) Do you want your possessions identified? [ynq] (y) Do you want to see your attributes? [ynq] (y) Inventory: Coins $ - 124 gold pieces Weapons a - a blessed +1 quarterstaff (weapon in hands) Armor b - an uncursed +0 cloak of magic resistance (being worn) r - an uncursed +0 leather jacket (being worn) Comestibles t - an uncursed food ration s - an uncursed lichen corpse Scrolls j - an uncursed scroll of destroy armor k - an uncursed scroll of enchant armor i - an uncursed scroll of identify p - an uncursed scroll of remove curse Spellbooks l - a blessed spellbook of force bolt m - an uncursed spellbook of sleep Potions f - an uncursed potion of confusion h - an uncursed potion of sleeping g - an uncursed potion of speed Rings e - an uncursed ring of protection from shape changers d - an uncursed ring of regeneration Wands c - a wand of striking (0:5) Tools o - an uncursed leather drum n - an uncursed blindfold 9629 the Wizard's attributes: Background: You were a Conjurer, a level 3 male elven Wizard. You were chaotic, on a mission for Anhur who was opposed by Ptah (lawful) and Thoth (neutral). You were in the Dungeons of Doom, on level 2. You entered the dungeon 738 turns ago. You had 42 experience points, 38 more were needed to attain level 4. Basics: You had all 21 hit points. You had all 34 energy points (spell power). Your armor class was 8. Your wallet contained 124 zorkmids. Autopickup was off. Final Characteristics: Your strength was 10 (limit:18). Your dexterity was 15 (limit:18). Your constitution was 12 (limit:16). Your intelligence was 15 (limit:20). Your wisdom was 11 (limit:20). Your charisma was 13 (limit:18). Final Status: You were not hungry. You were unencumbered. You were wielding a quarterstaff. You had basic skill with quarterstaff. Final Attributes: You were fervently aligned. You were magic-protected. You had infravision. You were warded. You survived. Miscellaneous: You never encountered a bones level. Total elapsed playing time was 6 minutes. Major events: Turn 1: 9629 the chaotic male elven Wizard entered the dungeon 651: attained the rank of Conjurer (level 3) 738: quit, while helpless Vanquished creatures: a coyote a giant rat 7 jackals a fox 3 kobolds a sewer rat 2 lichens 4 newts 20 creatures vanquished. No species were genocided or became extinct. Voluntary challenges: You read items or engraved 3 times. You never engraved Elbereth. You never genocided any monsters. You never polymorphed an object. You never changed form. You used no wishes. Achievements: You attained the rank of Conjurer. You entered a shop. The Dungeons of Doom: levels 1 to 2 Level 1: An altar, some fountains. Level 2: <- You were here. A general store. Goodbye 9629 the Wizard... You quit in The Dungeons of Doom on dungeon level 2 with 342 points, and 124 pieces of gold, after 738 moves. You were level 3 with a maximum of 21 hit points when you quit.